 Dungeon Crawl Stone Soup version 0.21.1-1-g345015f (webtiles) character file.

37 goulibeur the Unweaver (level 3, -5/29 HPs)
             Began as a Demonspawn Abyssal Knight on July 21, 2018.
             Was a Follower of Lugonu.
             Slain by a gnoll
             ... wielding a +0 halberd
              (8 damage)
             ... on level 2 of the Dungeon.
             The game lasted 00:03:50 (1551 turns).

goulibeur the Unweaver (Demonspawn Abyssal Knight)  Turns: 1551, Time: 00:03:51

Health: -5/29      AC: 16    Str: 12    XL:     3   Next: 21%
Magic:  5/5        EV:  3    Int: 13    God:    Lugonu [*.....]
Gold:   80         SH:  0    Dex: 13    Spells: 2/2 levels left

rFire    . . .     SeeInvis +   a - +1 short sword
rCold    . . .     Gourm    .   (no shield)
rNeg     . . .     Faith    .   j - +0 plate armour
rPois    .         Spirit   .   (helmet restricted)
rElec    .         Reflect  .   (no cloak)
rCorr    .         Harm     .   (no gloves)
MR       .....                  (no boots)
Stlth    ..........             (no amulet)
HPRegen  0.09/turn              h - ring of see invisible
MPRegen  0.09/turn              (no ring)

@: sanguine armour
A: antennae 1, sanguine armour 1
a: Depart the Abyss, Renounce Religion


You were on level 2 of the Dungeon.
You worshipped Lugonu.
Lugonu was aware of your devotion.
You were not hungry.

You visited 1 branch of the dungeon, and saw 2 of its levels.
You visited the Abyss 1 time.

You collected 80 gold pieces.

Inventory:

Hand Weapons
 a - a +1 short sword (weapon)
Armour
 b - a +0 leather armour
 j - a +0 plate armour (worn)
Jewellery
 h - a ring of see invisible (left hand)
Scrolls
 d - 3 scrolls of teleportation {unknown}
 e - a scroll of amnesia {unknown}
 f - a scroll of remove curse {unknown}
 k - 3 scrolls of identify {unknown}
 l - 2 scrolls of enchant armour {unknown}
Potions
 i - 2 potions of haste {unknown}
Comestibles
 c - 2 rations


   Skills:
 + Level 3.2 Fighting
 - Level 1.7 Short Blades
 + Level 2.1 Armour
 + Level 1.4 Dodging
 * Level 3.5 Invocations


You had 2 spell levels left.
You didn't know any spells.

Dungeon Overview and Level Annotations

Branches:
Dungeon (2/15)

Altars:
Elyvilon
Qazlal


Innate Abilities, Weirdness & Mutations

You have a pair of small antennae on your head.
When seriously injured, your bleeding wounds create armour. (AC +6)


Message History

Your blood congeals into armour.
You closely miss the gnoll.
A gnoll comes into view. It is wielding a spear.
You barely miss the gnoll.
The gnoll shouts!
The gnoll hits you with a halberd.
A gnoll comes into view.
Your plate armour prevents you from hitting the gnoll.
The gnoll hits you with a halberd.
The gnoll moves out of view.
You hit the gnoll.
The gnoll is moderately wounded.
The gnoll hits you with a halberd.
Your plate armour prevents you from hitting the gnoll.
The gnoll is moderately wounded.
The gnoll hits you with a halberd!
* * * LOW HITPOINT WARNING * * *
You hit the gnoll.
The gnoll is moderately wounded.
The gnoll hits you with a halberd!
You die...

...... ... ....#####...
........... #..........
. ###..........
..##............
................ #.
####...)@g....# # #.#
...#..........# #.#.#
..#..........# #....
..#.......gg.#
##.#.#####.###.######.#
#.......................
#.#.##.##.###.###.... .
#..........<....# .#
###)####.##.....#


You could see 3 gnolls.

Vanquished Creatures
  A leopard gecko (D:1)
  4 goblins
  4 hobgoblins
  3 jackals (D:1)
  6 kobolds
  A quokka (D:2)
  3 bats
  11 frilled lizards
  4 rats
37 creatures vanquished.

Vanquished Creatures (others)
  A plant (D:1)
1 creature vanquished.

Grand Total: 38 creatures vanquished

Notes
Turn   | Place    | Note
-------+----------+-------------------------------------------
     0 | Abyss:1  | goulibeur the Demonspawn Abyssal Knight began the quest for the Orb.
     0 | Abyss:1  | Reached XP level 1. HP: 18/18 MP: 2/2
    25 | D:1      | Escaped the Abyss
   190 | D:1      | Reached skill level 1 in Dodging
   319 | D:1      | Gained mutation: When seriously injured, your bleeding wounds create armour. (AC +6) [demonic ancestry]
   319 | D:1      | Reached XP level 2. HP: 18/24 MP: 4/4
   350 | D:1      | Reached * piety under Lugonu
  1254 | D:2      | Gained mutation: You have a pair of small antennae on your head. [demonic ancestry]
  1254 | D:2      | Reached XP level 3. HP: 26/29 MP: 5/5
  1467 | D:2      | Found a stormy altar of Qazlal.
  1467 | D:2      | Found a white marble altar of Elyvilon.
  1551 | D:2      | Slain by a gnoll

Skill      XL: |  1  2 |
---------------+-------+-----
Dodging        | 1 |  1.4
Invocations    | 3 |  3.5
Armour         | 2 |  2.1
Fighting       | |  3.2
Short Blades   | |  1.7

Action                   || total
-------------------------++-------
Melee: Short sword       ||   160
Invok: Depart the Abyss  ||     1
  Eat: Chunk             ||     2
Armor: Leather armour    ||    14
       Plate armour      ||    96
Dodge: Dodged            ||    65
